 Dungeon Crawl Stone Soup version 0.18-a0-1575-g920359c (webtiles) character file.

18 4thArraOfDagon the Sneak (level 2, -1/33 HPs)
             Began as a Naga Enchanter on Mar 16, 2016.
             Slain by an iguana (8 damage)
             ... on level 4 of the Dungeon.
             The game lasted 00:02:19 (433 turns).

4thArraOfDagon the Sneak (Naga Enchanter)            Turns: 433, Time: 00:02:19

Health: -1/33      AC: 21    Str: 10    XL:     2   Next: 66%
Magic:  1/5        EV:  1    Int: 15    God:
Gold:   55         SH:  0    Dex: 11    Spells: 2 memorised, 2 levels left

rFire  + . .     SeeInvis +     h - +1 short sword (elec)
rCold  + . .     Gourm    .     (armour currently unavailable)
rNeg   + + +     Faith    .     (no shield)
rPois  +         Spirit   .     (helmet currently unavailable)
rElec  +         Dismiss  .     (cloak currently unavailable)
rCorr  +         Reflect  .     (gloves currently unavailable)
SustAt .         Harm     .     (no barding)
MR     .....     NoTele   +     (no amulet)
Stlth  ++++......               (no ring)
                                (no ring)

@: short of breath, tree-form, resistant, not resistant to hostile enchantments,
stealthy
A: see invisible, (deformed body), (poison resistance), (slowness 0), slow
metabolism 1, spit poison 2, AC +0
a: Spit Poison


You were on level 4 of the Dungeon.
You were not hungry.
You were a tree.
You visited 1 branch of the dungeon, and saw 4 of its levels.

You collected 55 gold pieces.

Inventory:

Hand Weapons
 h - a +1 short sword of electrocution (weapon)
Missiles
 a - 5 javelins of penetration
 e - 10 javelins (quivered)
Armour
 b - a +1 robe (melded)
Scrolls
 f - 2 scrolls of identify {unknown}
 g - a scroll of recharging {unknown}
 i - a scroll of remove curse {unknown}
 l - a scroll of enchant armour {unknown}
Books
 c - a book of Maledictions

   Spells                             Type                      Level
   a - Corona                         Hexes                        1
   b - Ensorcelled Hibernation        Hexes/Ice                    2
   c - Confuse                        Hexes                        3
   d - Tukima's Dance                 Hexes                        3
   e - Dazzling Spray                 Conjuration/Hexes            3
Comestibles
 d - a bread ration
 m - a beef jerky


   Skills:
 * Level 1.9 Short Blades
 - Level 1.5 Dodging
 + Level 4.6 Stealth
 - Level 2.0 Spellcasting
 - Level 3.1 Hexes
 * Level 0.6 Ice Magic


You had 2 spell levels left.
You knew the following spells:

 Your Spells              Type           Power        Failure   Level  Hunger
a - Corona                Hex            ##.....      8%          1    #......
b - Ensorcelled Hibernat  Hex/Ice        #.....       17%         2    ###....


Dungeon Overview and Level Annotations

Branches:
Dungeon (4/15)
 Temple: D:4-7

Altars:
The Shining One


Innate Abilities, Weirdness & Mutations

You cannot wear boots.
((Your serpentine skin is tough (AC +0).))
You have supernaturally acute eyesight.
((Armour fits poorly on your strangely shaped body.))
((Your system is resistant to poisons.))
((You cover ground very slowly.))
You have a slow metabolism.
You can spit poison.


Message History

Aim: an iguana (lightly wounded)
The splash of poison hits the iguana.
The iguana is poisoned.
The iguana is moderately wounded.
You feel slightly more hungry. The iguana barely misses you.
Unknown command.
Drink which item? (? for menu, Esc to quit)
It was a potion of flight.
You feel very buoyant.
You fly up into the air.
The iguana closely misses you.
Drink which item? (? for menu, Esc to quit)
It was a potion of resistance.
You feel protected. The iguana bites you.
* * * LOW HITPOINT WARNING * * *
Unknown command.
Drink which item? (? for menu, Esc to quit)
It was a potion of lignification.
You turn into a tree.
Your +1 robe melds into your body.
Your roots penetrate the ground.
The iguana bites you!
You die...

.#.. ... #. ........ #.#
#.##.# .#.# ##.###.##.#
..# ##...##.##.# #.####
##.....#.##.####....#.
#.....................
#...$l.#.##<.........#
.## #..♣##.##.####.#.(..
..>..#.###.##.####.#...#
.##................#####
#.##.###.##.####<# ..
.... #.........#
###....# ####......#
#####. ######.# . #.# .
#.#


You could see an iguana.

Vanquished Creatures
  6 bats
  A giant cockroach (D:3)
  A goblin (D:3)
  3 hobgoblins
  A kobold (D:2)
  3 rats
15 creatures vanquished.

Notes
Turn   | Place    | Note
--------------------------------------------------------------
     0 | D:1      | 4thArraOfDagon the Naga Enchanter began the quest for the Orb.
     0 | D:1      | Reached XP level 1. HP: 15/15 MP: 3/3
    53 | D:1      | Reached XP level 2. HP: 13/22 MP: 5/5
   120 | D:2      | Learned a level 2 spell: Ensorcelled Hibernation
   230 | D:3      | Found a glowing golden altar of the Shining One.
   433 | D:4      | Slain by an iguana

Vault maps used:
D:1:      saegor_arrival_simple_e
D:2:      uniq_robin
D:3:      tso_metal_star
D:4:      minmay_temple_entry_nine_rooms, first_bread,
          hangedman_abyss_or_decor_stabs, uniq_natasha

Action                   || total
-------------------------++-------
Melee: Dagger            ||    10
       Short sword       ||    23
Throw: Javelin           ||     1
 Cast: Ensorcelled Hiber ||     2
 Abil: Spit Poison       ||     8
  Use: Potion            ||     3
 Stab: Sleeping          ||     4
